 Dungeon Crawl Stone Soup version 0.26-a0-667-g92642533e4 (webtiles) character file.

Game seed: 18221802709902487263

59 PentaManta the Insei (level 4, -1/32 HPs)
             Began as a Merfolk Transmuter on Oct 18, 2020.
             Slain by a jackal (3 damage)
             ... on level 2 of the Dungeon.
             The game lasted 00:05:34 (1715 turns).

PentaManta the Insei (Merfolk Transmuter)           Turns: 1715, Time: 00:05:35

Health: -1/32      AC:  2    Str: 12    XL:     4   Next: 3%
Magic:  5/7        EV: 14    Int: 13    God:
Gold:   41         SH:  0    Dex: 14    Spells: 4/7 levels left

rFire    . . .     SeeInvis .   j - +0 dagger (venom)
rCold    . . .     Faith    .   (no shield)
rNeg     . . .     Spirit   .   a - +0 robe
rPois    .         Reflect  .   (helmet currently unavailable)
rElec    .         Harm     .   (no cloak)
rCorr    .         Rampage  .   (no gloves)
MR       .....                  (boots currently unavailable)
Stlth    +.........             (no amulet)
HPRegen  0.10/turn              (no ring)
MPRegen  0.10/turn              (no ring)

@: lethally poisoned (-1 -> -5), appendages
A: change form in water, swift swim, stealthy swim, horns 2, strong 1
a: End Transformation


You were on level 2 of the Dungeon.
You had grown temporary horns.
You visited 1 branch of the dungeon, and saw 2 of its levels.

You collected 41 gold pieces.

Inventory:

Hand Weapons
 b - a +2 short sword of venom
 j - a +0 dagger of venom (weapon)
Missiles
 d - 26 stones (quivered)
Armour
 a - a +0 robe (worn)
Scrolls
 e - a scroll of blinking {unknown}
 f - 2 scrolls of remove curse {unknown}
 g - a scroll of identify {unknown}
 i - a scroll of enchant armour {unknown}


   Skills:
 - Level 1.1 Fighting
 + Level 3.9 Dodging
 + Level 4.1 Unarmed Combat
 - Level 2.0 Spellcasting
 + Level 3.8 Transmutations


You had 4 spell levels left.
You knew the following spells:

 Your Spells              Type           Power        Failure   Level
a - Beastly Appendage     Tmut           ##....       5%          1
b - Wereblood             Tmut           ##......     9%          2

Your spell library contained the following spells:

 Spells                   Type           Power        Failure   Level
 Spider Form              Tmut/Pois      #.........   34%         3
 Ice Form                 Ice/Tmut       #.......     75%         4
 Blade Hands              Tmut           ##........   83%         5


Dungeon Overview and Level Annotations

Branches:
Dungeon (2/15)

Altars:
Qazlal

Annotations:
D:2 1 runed translucent door, Crazy Yiuf


Innate Abilities, Weirdness & Mutations

You revert to your normal form in water.
You are very nimble and swift while swimming.
You are very stealthy in the water. (Stealth+)
You have a pair of horns on your head.
Your muscles are strong. (Str +2)


Message History

* * * LOW HITPOINT WARNING * * *
The jackal bites you but does no damage.
It was a potion of mutation.
You feel extremely strange.
You feel resistant to heat.
You feel frail.
You feel agile.
* * * LOW HITPOINT WARNING * * *
You feel sick.
You kill the adder!
You have reached level 4!
The ooze hits you.
* * * LOW HITPOINT WARNING * * *
The jackal closely misses you.
The jackal bites you but does no damage.
Okay, then.
Okay, then.
Really quaff the potion of mutation?
You feel extremely strange.
You no longer feel heat resistant.
You feel robust.
You feel clumsy.
You feel stronger. The jackal closely misses you. The jackal bites you.
You die...

####....# #....#
#.......####....#
#..............##
#.............##
#.....######### #.....# #....#
# ###.### ##########....#.#
####.#####....J..##....#.###
#.......##..^@†.............
#.##.##.##...hh..........#..
#.##[##.##...)............. #
#.##.##.##..............# .#
#.##.##.##............#.# ...
#.......##.......###†##.##...#
####.############# #........#
##...#################.##...#
##.....##.............#.# .


You could see an ooze and 2 jackals.

Vanquished Creatures
  An adder (D:2)
  An ooze (D:1)
  A worm (D:2)
  3 bats (D:1)
  A giant cockroach (D:1)
  6 goblins
  4 hobgoblins
  5 jackals
  10 kobolds (D:1)
  A ball python (D:1)
  3 frilled lizards
  5 rats
41 creatures vanquished.

Notes
Turn   | Place    | Note
-------+----------+-------------------------------------------
     0 | D:1      | PentaManta the Merfolk Transmuter began the quest for the
                  | Orb.
     0 | D:1      | Reached XP level 1. HP: 15/15 MP: 3/3
   328 | D:1      | Reached XP level 2. HP: 15/21 MP: 3/5
   332 | D:1      | Learned a level 2 spell: Wereblood
   984 | D:1      | Reached XP level 3. HP: 23/26 MP: 6/6
  1597 | D:2      | Found a stormy altar of Qazlal.
  1602 | D:2      | Reached skill level 4 in Unarmed Combat
  1632 | D:2      | Found a runed translucent door.
  1633 | D:2      | Noticed Crazy Yiuf
  1714 | D:2      | Gained mutation: Your flesh is heat resistant. (rF+)
                  | [potion of mutation]
  1714 | D:2      | Gained mutation: You are frail. (-10% HP) [potion of
                  | mutation]
  1714 | D:2      | Gained mutation: You are agile. (Dex +2) [potion of
                  | mutation]
  1714 | D:2      | Reached XP level 4. HP: 4/28 MP: 5/7
  1715 | D:2      | Lost mutation: Your flesh is heat resistant. (rF+) [potion
                  | of mutation]
  1715 | D:2      | Lost mutation: You are frail. (-10% HP) [potion of
                  | mutation]
  1715 | D:2      | Lost mutation: You are agile. (Dex +2) [potion of mutation]
  1715 | D:2      | Gained mutation: Your muscles are strong. (Str +2) [potion
                  | of mutation]
  1715 | D:2      | Slain by a jackal

Illustrated notes

Levels and vault maps discovered:
D:1:      dpeg_arrival_rooms_c, layout_rooms, grunt_decor_arrowhead
D:2:      layout_loops_cross, overflow_temple_1_default, vehumet_crystals,
          grunt_ministairs_7, dk_vineyard_3, nicolae_qazlal_eye_of_the_storm,
          uniq_crazy_yiuf_cottage

Skill      XL: |  1  2  3 |
---------------+----------+-----
Dodging        | 3 |  3.9
Transmutations | 3 |  3.8
Unarmed Combat | 4 |  4.1
Fighting       | |  1.1
Spellcasting   | |  2.0

Action                   |  1- 3 |  4- 6 || total
-------------------------+-------+-------++-------
Melee: Unarmed           |    11 |       ||    11
       Dagger            |   118 |       ||   118
       Headbutt          |     5 |       ||     5
       Punch             |     1 |       ||     1
 Cast: Beastly Appendage |     9 |       ||     9
       Wereblood         |     1 |       ||     1
  Use: Potion            |     1 |     1 ||     2
 Stab: Sleeping          |     1 |       ||     1
Armor: Robe              |    24 |     1 ||    25
Dodge: Dodged            |   121 |     2 ||   123

Table legend: (Time is in decaauts)
 A = Elapsed time spent in this place.
 B = Non-inter-level travel time spent in this place.
 C = Inter-level travel time spent in this place.
 D = Time resting spent in this place.
 E = Time spent auto-exploring this place.
 F = Levels seen in this place.
 G = Mean time per level.
                   A        B        C        D        E       F      G
               +--------+--------+--------+--------+--------+-----+--------+
         Total |   1713 |   1697 |     16 |    318 |   1069 |   2 |  856.5 |
       Dungeon |   1713 |   1697 |     16 |    318 |   1069 |   2 |  856.5 |
               +--------+--------+--------+--------+--------+-----+--------+

Top non-repeatable levels by time:
     D:1: 1450 daAuts
     D:2: 262 daAuts
